 Dungeon Crawl Stone Soup version 0.31-a0-691-g409c26aa35 (webtiles) character file.

Game seed: 14253648359647428674

441 Aurophilus the Conjurer (level 6, -2/32 HPs)
             Began as a Deep Elf Conjurer on Sept 6, 2023.
             Succumbed to a gnoll sergeant's poison
             ... on level 5 of the Dungeon.
             The game lasted 00:13:46 (3937 turns).

Aurophilus the Conjurer (Deep Elf Conjurer)         Turns: 3937, Time: 00:13:46

Health: -2/32      AC:  8    Str:  4    XL:     6   Next: 71%
Magic:  16/16      EV: 13    Int: 25    God:
Gold:   154        SH:  0    Dex: 19    Spells: 5/16 levels left

rFire   . . .        (no weapon)
rCold   . . .        (no shield)
rNeg    . . .        a - +0 robe
rPois   .            i - +0 helmet
rElec   .            h - +0 cloak
rCorr   .            (no gloves)
SInv    .            (no boots)
Will    .....        (no amulet)
Stlth   +++          e - +4 ring of protection
HPRegen 0.25/turn    g - +6 ring of dexterity
MPRegen 0.15/turn

%: no passive effects
@: lethally poisoned (-2 -> -22), invisible
A: no striking features
a: no special abilities


You were on level 5 of the Dungeon.
You visited 1 branch of the dungeon, and saw 5 of its levels.

You collected 154 gold pieces.

Inventory:

Armour
 a - a +0 robe (worn)
 h - a +0 cloak (worn)
 i - a +0 helmet (worn)
Jewellery
 e - a +4 ring of protection (left hand)
 g - a +6 ring of dexterity (right hand)
Talismans
 k - a blade talisman
Wands
 f - a wand of polymorph (6)
Scrolls
 d - 3 scrolls of identify
 j - 2 scrolls of teleportation
 l - a scroll of fog
Potions
 c - a potion of invisibility


   Skills:
 + Level 2.7 Dodging
 + Level 3.1 Stealth
 * Level 5.8 Spellcasting
 * Level 7.5 Conjurations
 * Level 0.6 Hexes


You had 5 spell levels left.
You knew the following spells:

 Your Spells              Type           Power      Damage    Failure   Level
a - Magic Dart            Conj           100%       1d8       1%          1
b - Searing Ray           Conj           88%        2d7       1%          2
c - Fulminant Prism       Conj/Hex       13%        3d9       14%         4
d - Iskenderun's Mystic   Conj/Tloc      26%        2d7       16%         4

Your spell library contained the following spells:

 Spells                   Type           Power      Damage    Failure   Level
 Dazzling Flash           Conj/Hex       54%        N/A       4%          3
 Olgreb's Toxic Radiance  Pois           7%         N/A       58%         4
 Discord                  Hex            5%         N/A       100%        8
 Ignition                 Fire           3%         3d4       100%        8


Dungeon Overview and Level Annotations

Branches:
Dungeon (5/15)
 Temple: D:4-7

Altars:
Cheibriados
Dithmenos
Fedhas
Gozag
Kikubaaqudgha
Okawaru
Qazlal
Ru
Wu Jian
Xom
Yredelemnul

Shops:
D:1 !


Message History

The gnoll sergeant misses you.
The searing ray hits the gnoll sergeant.
The gnoll sergeant is heavily wounded.
You hear the hiss of a very distant avalanche of sand.
The gnoll sergeant hits you from afar with a +2 spear of venom.
You are poisoned.
The searing ray hits the gnoll sergeant.
The gnoll sergeant is heavily wounded.
You finish channelling your searing ray.
You feel sick.
The gnoll sergeant hits you from afar with a +2 spear of venom.
You are more poisoned.
The magic dart hits the gnoll sergeant but does no damage.
The gnoll sergeant is heavily wounded.
You feel very sick. The gnoll sergeant closely misses you.
You feel very sick.
The gnoll sergeant attacks as it pursues you!
The gnoll sergeant barely misses you.
You feel sick.
The gnoll sergeant attacks as it pursues you!
The gnoll sergeant barely misses you.
The magic dart hits the gnoll sergeant but does no damage.
The gnoll sergeant is heavily wounded.
You feel sick.
You feel sick.
The gnoll sergeant attacks as it pursues you!
The gnoll sergeant hits you from afar with a +2 spear of venom.
* * * LOW HITPOINT WARNING * * *
You are lethally poisoned!
* * * LOW HITPOINT WARNING * * *
You feel very sick. The gnoll sergeant barely misses you.
You fade into invisibility!
* * * LOW HITPOINT WARNING * * *
You feel sick.
The gnoll sergeant hits you but does no damage.
You are more poisoned.
Magic courses through your body.
You die...

#.)###.......+........
#..)).......##........
#.# ##....... #.#
##.....# #.###.###.#
##...## #.........#
##+# #####g#####
##[### #.# #.....
####@##### #..###
#........# ##...##
#.##.###.######..)..#
#.##.................
#.######.#######..###
#.# #.# #.## #.# #?#
#.#### #.. ..# #...?.
### ### ######


You could see a gnoll sergeant (unable to see you).

Vanquished Creatures
  Sigmund (D:2)
  Natasha (thrice) (D:2)
  An orc wizard (D:4)
  3 adders
  8 gnolls
  2 worms
  2 dart slugs
  7 orcs
  2 bats (D:2)
  4 endoplasms
  2 giant cockroaches
  4 goblins
  5 hobgoblins
  7 kobolds
  3 quokkas
  7 ball pythons
  6 frilled lizards
  6 rats
73 creatures vanquished.

Vanquished Creatures (others)
  A fulminant prism (D:4)
1 creature vanquished.

Grand Total: 74 creatures vanquished

Notes
Turn   | Place    | Note
-------+----------+-------------------------------------------
     0 | D:1      | Aurophilus the Deep Elf Conjurer began the quest for the
                  | Orb.
     0 | D:1      | Reached XP level 1. HP: 10/10 MP: 6/6
   131 | D:1      | Found Jiguicsy's Distillery.
   296 | D:1      | Found a faded altar of an unknown god.
   298 | D:1      | Reached XP level 2. HP: 15/15 MP: 6/8
   624 | D:1      | Reached skill level 5 in Conjurations
   867 | D:1      | Learned a level 2 spell: Searing Ray
   984 | D:2      | Noticed Natasha
   990 | D:2      | Killed Natasha
   991 | D:2      | Reached XP level 3. HP: 19/19 MP: 3/9
  1050 | D:2      | Noticed Sigmund
  1059 | D:2      | Killed Sigmund
  1060 | D:2      | Reached skill level 6 in Conjurations
  1060 | D:2      | Reached XP level 4. HP: 12/24 MP: 1/12
  1060 | D:2      | Reached XP level 5. HP: 14/28 MP: 1/13
  1180 | D:2      | Noticed Natasha
  1228 | D:2      | Killed Natasha
  1375 | D:2      | Reached skill level 7 in Conjurations
  1407 | D:2      | Noticed Natasha
  1457 | D:2      | Killed Natasha
  1458 | D:2      | Reached XP level 6. HP: 32/32 MP: 10/14
  1848 | D:2      | Learned a level 4 spell: Fulminant Prism
  1853 | D:2      | Learned a level 4 spell: Iskenderun's Mystic Blast
  2037 | D:3      | Found a sacrificial altar of Ru.
  2861 | D:3      | Found an iron altar of Okawaru.
  2861 | D:3      | Found a stormy altar of Qazlal.
  2866 | D:3      | Found an opulent altar of Gozag.
  2867 | D:3      | Found a shadowy altar of Dithmenos.
  2867 | D:3      | Found a shimmering altar of Xom.
  2869 | D:3      | Found a basalt altar of Yredelemnul.
  2871 | D:3      | Found an ornate altar of the Wu Jian Council.
  3062 | D:4      | Reached skill level 5 in Spellcasting
  3474 | D:4      | Found an ancient bone altar of Kikubaaqudgha.
  3626 | D:4      | Found a snail-covered altar of Cheibriados.
  3627 | D:4      | Found a blossoming altar of Fedhas.
  3725 | D:5      | Entered Level 5 of the Dungeon
  3937 | D:5      | Succumbed to a gnoll sergeant's poison

Illustrated notes

Levels and vault maps discovered:
D:1:      roderic_octagonal_star, layout_loops_ring,
          hellmonk_ecumenical_altar_arch_garden, serial_shops,
          nicolae_shop_industrial_runoff
D:2:      layout_loops_ring, dreamdust_wishing_well, uniq_sigmund,
          uniq_crazy_yiuf_cottage, uniq_natasha
D:3:      layout_loops_corners, minitemple, nicolae_ru_great_annihilating_truth
D:4:      layout_cave_pools, lemuel_crystal_altar,
          gammafunk_temple_overflow_pools
D:5:      nicolae_BIG_FREAKIN_CUBE, layout_loops_corners,
          gup_ossuary_entry_pyramid, roderic_lattice_a

Skill      XL: |  1  2  3  4  5  6 |
---------------+-------------------+-----
Conjurations   | 5 6 7 |  7.5
Stealth        | 3 |  3.1
Spellcasting   | 4 5 |  5.8
Dodging        | |  2.7
Hexes          | |  0.6

Action                     |  1- 3 |  4- 6 || total
---------------------------+-------+-------++-------
   Cast: Magic Dart        |    36 |   113 ||   149
         Searing Ray       |     3 |     6 ||     9
         Fulminant Prism   |       |     1 ||     1
    Use: Scroll            |     1 |     6 ||     7
         Potion            |       |     3 ||     3
 Armour: Robe              |     4 |    12 ||    16
         Skin              |       |     4 ||     4
  Dodge: Dodged            |     4 |     9 ||    13

Table legend: (Time is in decaauts)
 A = Elapsed time spent in this place.
 B = Non-inter-level travel time spent in this place.
 C = Inter-level travel time spent in this place.
 D = Time resting spent in this place.
 E = Time spent auto-exploring this place.
 F = Levels seen in this place.
 G = Mean time per level.
                   A        B        C        D        E       F      G
               +--------+--------+--------+--------+--------+-----+--------+
         Total |   3926 |   3810 |    116 |      0 |   3282 |   5 |  785.2 |
       Dungeon |   3926 |   3810 |    116 |      0 |   3282 |   5 |  785.2 |
               +--------+--------+--------+--------+--------+-----+--------+

Top non-repeatable levels by time:
     D:3: 1119 daAuts
     D:2: 1019 daAuts
     D:1: 894 daAuts
     D:4: 681 daAuts
     D:5: 211 daAuts
